[Event "Icelandic Championship 2024"]
[Site "Mosfellsbaer"]
[Date "2024.04.16"]
[Round "1.1"]
[White "Kjartansson, Gudmundur"]
[Black "Steingrimsson, Hedinn"]
[Result "1/2-1/2"]
[ECO "C92"]
[WhiteElo "2480"]
[BlackElo "2502"]
[Annotator "RC"]
[PlyCount "65"]
[EventDate "2024.04.16"]
[EventType "tourn"]
[EventCountry "ISL"]
[SourceTitle "playchess.com"]
[Source "ChessBase"]
[SourceQuality "1"]
[TimeControl "40/5400+30:1800+30"]

1. e4 e5 2. Nf3 Nc6 3. Bb5 a6 4. Ba4 Nf6 5. O-O Be7 6. Re1 b5 7. Bb3 O-O 8. h3 Bb7 9. d3 d6 10. c3 Na5 11. Bc2 c5 12. d4 cxd4 13. cxd4 d5 14. Nxe5 Nxe4 15. Nd2 f6 16. Nef3 Bb4 17. a3 Bxd2 18. Nxd2 Re8 19. Nf1 Qc7 20. g4 Rac8 21. Re2 b4 22. Kg2 Qb6 23. axb4 Nc6 24. f3 Nd6 25. Rxe8+ Rxe8 26. Be3 Nxb4 27. Bf2 a5 28. Qb1 Nxc2 29. Qxc2 Rc8 30. Qe2 Re8 31. Qc2 Rc8 32. Qe2 Re8 33. Qc2 1/2-1/2

[Event "Icelandic Championship 2024"]
[Site "Mosfellsbaer"]
[Date "2024.04.16"]
[Round "1.2"]
[White "Stefansson, Vignir Vatnar"]
[Black "Domalchuk-Jonasson, Aleksandr"]
[Result "1-0"]
[ECO "E06"]
[WhiteElo "2459"]
[BlackElo "2368"]
[Annotator "RC"]
[PlyCount "97"]
[EventDate "2024.04.16"]
[EventType "tourn"]
[EventCountry "ISL"]
[SourceTitle "playchess.com"]
[Source "ChessBase"]
[SourceQuality "1"]
[TimeControl "40/5400+30:1800+30"]

1. d4 d5 2. c4 e6 3. Nf3 Nf6 4. Nc3 Be7 5. g3 O-O 6. Bg2 dxc4 7. Ne5 c5 8. dxc5 Qxd1+ 9. Nxd1 Bxc5 10. O-O Nd5 11. Nxc4 Nc6 12. Bd2 Bd7 13. Nc3 Nxc3 14. Bxc3 Rfd8 15. Na5 Rab8 16. Nxc6 Bxc6 17. Bxc6 bxc6 18. Rfd1 f6 19. Rac1 Be7 20. f4 Kf7 21. Kf2 Ke8 22. e4 Rxd1 23. Rxd1 Bb4 24. Bd4 Ba5 25. b3 Rd8 26. Ke2 a6 27. Rd3 h5 28. Bb2 Bb6 29. h3 Rxd3 30. Kxd3 Ke7 31. f5 Bc7 32. g4 hxg4 33. hxg4 exf5 34. exf5 Kd6 35. Ke4 Bd8 36. Kd4 c5+ 37. Kc4 Kc6 38. Bc3 Kd6 39. Ba1 Be7 40. Bb2 Bd8 41. a4 Kc6 42. Bc3 Kd6 43. b4 Kc6 44. b5+ axb5+ 45. axb5+ Kb6 46. g5 Kc7 47. Ba5+ Kd7 48. Bxd8 Kxd8 49. gxf6 1-0

[Event "Icelandic Championship 2024"]
[Site "Mosfellsbaer"]
[Date "2024.04.16"]
[Round "1.3"]
[White "Birkisson, Bardur Orn"]
[Black "Gretarsson, Helgi Ass"]
[Result "0-1"]
[ECO "B08"]
[WhiteElo "2169"]
[BlackElo "2468"]
[Annotator "ChessBase"]
[PlyCount "86"]
[EventDate "2024.04.16"]
[EventType "tourn"]
[EventCountry "ISL"]
[SourceTitle "playchess.com"]
[Source "ChessBase"]
[SourceQuality "1"]
[TimeControl "40/5400+30:1800+30"]

1. e4 d6 2. d4 Nf6 3. Nc3 g6 4. Nf3 Bg7 5. Be2 O-O 6. O-O a6 7. a4 Nc6 8. d5 Nb4 9. h3 e6 10. dxe6 Bxe6 11. Nd4 Bd7 12. Bf4 Re8 13. Bf3 Nc6 14. Be3 Ne5 15. Be2 c5 16. Nf3 Nxf3+ 17. Bxf3 Bc6 18. Qd3 Re6 19. Nd5 Nd7 20. Nf4 Re8 21. Qxd6 Bxb2 22. Rab1 Bg7 23. Rfd1 Rb8 24. Bg4 Bf8 25. Qd2 Nf6 26. Qxd8 Rbxd8 27. Rxd8 Rxd8 28. e5 Nxg4 29. hxg4 Re8 30. e6 fxe6 31. Nd3 c4 32. Ne5 Bd5 33. Nd7 Bg7 34. Nb6 Re7 35. f3 c3 36. Kf2 Bc6 37. Rd1 Re8 38. Rd3 Bf6 39. Bd4 e5 40. Bxc3 e4 41. Re3 Bg5 42. Re1 Rf8 43. a5 Bh4+ 0-1

[Event "Icelandic Championship 2024"]
[Site "Mosfellsbaer"]
[Date "2024.04.16"]
[Round "1.4"]
[White "Ptacnikova, Lenka"]
[Black "Stefansson, Hannes"]
[Result "0-1"]
[ECO "A11"]
[WhiteElo "2127"]
[BlackElo "2493"]
[Annotator "RC"]
[PlyCount "62"]
[EventDate "2024.04.16"]
[EventType "tourn"]
[EventCountry "ISL"]
[SourceTitle "playchess.com"]
[Source "ChessBase"]
[SourceQuality "1"]
[TimeControl "40/5400+30:1800+30"]

1. c4 Nf6 2. g3 c6 3. Nf3 d5 4. Bg2 dxc4 5. Qc2 Qd5 6. Nc3 Qh5 7. a4 Na6 8. b3 cxb3 9. Qxb3 e5 10. d3 Nc5 11. Qb1 Be7 12. h3 Nfd7 13. Nd2 O-O 14. Nc4 Re8 15. Be3 Bf8 16. a5 Na6 17. Ne4 Qg6 18. h4 h6 19. h5 Qe6 20. g4 Nf6 21. Nxf6+ Qxf6 22. Nd2 Bxg4 23. Qxb7 Nb4 24. Ne4 Qe6 25. Bxa7 Nc2+ 26. Kd2 Nxa1 27. Rxa1 f5 28. Ng3 e4 29. f3 exf3 30. exf3 Rxa7 31. Qxa7 Qb3 0-1

[Event "Icelandic Championship 2024"]
[Site "Mosfellsbaer"]
[Date "2024.04.16"]
[Round "1.5"]
[White "Ragnarsson, Dagur"]
[Black "Heimisson, Hilmir Freyr"]
[Result "1/2-1/2"]
[ECO "D17"]
[WhiteElo "2333"]
[BlackElo "2361"]
[Annotator "RC"]
[PlyCount "91"]
[EventDate "2024.04.16"]
[EventType "tourn"]
[EventCountry "ISL"]
[SourceTitle "playchess.com"]
[Source "ChessBase"]
[SourceQuality "1"]
[TimeControl "40/5400+30:1800+30"]

1. d4 Nf6 2. c4 c6 3. Nc3 d5 4. Nf3 dxc4 5. a4 Bf5 6. Ne5 Nbd7 7. Nxc4 Qc7 8. g3 e5 9. dxe5 Nxe5 10. Bf4 Nfd7 11. Bg2 g5 12. Ne3 gxf4 13. Nxf5 O-O-O 14. Qc2 Nc5 15. O-O fxg3 16. hxg3 a5 17. Rfd1 h5 18. Rxd8+ Qxd8 19. Rd1 Qf6 20. Qd2 Kb8 21. Bh3 h4 22. g4 Be7 23. Qe3 Rg8 24. Nxe7 Qxe7 25. f4 Ng6 26. Qxe7 Nxe7 27. Kf2 Kc7 28. g5 Rb8 29. Bg2 Rh8 30. Bh3 Rb8 31. Bg2 Rh8 32. Bh3 Ra8 33. Kf3 Re8 34. e4 Nc8 35. Bxc8 Kxc8 36. Rh1 Rh8 37. Kg4 Nd3 38. Rh2 h3 39. Nd1 b5 40. axb5 cxb5 41. f5 Re8 42. Kf3 Rh8 43. Kg3 Rg8 44. Rxh3 Re8 45. Kh4 Rg8 46. Kg3 1/2-1/2

[Event "Icelandic Championship 2024"]
[Site "Mosfellsbaer"]
[Date "2024.04.16"]
[Round "1.6"]
[White "Gretarsson, Hjorvar Steinn"]
[Black "Prudnykova, Olga"]
[Result "0-1"]
[ECO "B55"]
[WhiteElo "2518"]
[BlackElo "2263"]
[Annotator "RC"]
[PlyCount "64"]
[EventDate "2024.04.16"]
[EventType "tourn"]
[EventCountry "ISL"]
[SourceTitle "playchess.com"]
[Source "ChessBase"]
[SourceQuality "1"]
[TimeControl "40/5400+30:1800+30"]

1. e4 c5 2. Nf3 d6 3. d4 cxd4 4. Nxd4 Nf6 5. f3 e5 6. Nb3 Be6 7. c4 Be7 8. Be3 O-O 9. Nc3 a5 10. Rc1 Nc6 11. Nd5 Nd7 12. Qd2 a4 13. Na1 f5 14. exf5 Bxf5 15. Be2 Nc5 16. Nc2 e4 17. f4 Bf6 18. Na3 Qa5 19. Nxf6+ Rxf6 20. Qxa5 Rxa5 21. O-O Nd3 22. Bxd3 exd3 23. Nb5 d5 24. Bd2 dxc4 25. Bxa5 Nxa5 26. Rce1 Rb6 27. Re5 Bg4 28. Rf2 Be2 29. Nc3 Rxb2 30. Nxe2 dxe2 31. Rexe2 Rb1+ 32. Rf1 Rb4 0-1

[Event "Icelandic Championship 2024"]
[Site "Mosfellsbaer"]
[Date "2024.04.17"]
[Round "2.1"]
[White "Steingrimsson, Hedinn"]
[Black "Prudnykova, Olga"]
[Result "1-0"]
[ECO "A34"]
[WhiteElo "2502"]
[BlackElo "2263"]
[Annotator "TA"]
[PlyCount "47"]
[EventDate "2024.04.16"]
[EventType "tourn"]
[EventCountry "ISL"]
[SourceTitle "playchess.com"]
[Source "ChessBase"]
[SourceQuality "1"]
[TimeControl "40/5400+30:1800+30"]

1. Nf3 Nf6 2. c4 c5 3. Nc3 d5 4. cxd5 Nxd5 5. g3 Nc6 6. Bg2 Nc7 7. a3 e5 8. b4 cxb4 9. axb4 Bxb4 {[%emt 0:03:45] [#]} 10. Nxe5 $1 O-O {[%emt 0:11:26] White is slightly better.} 11. Nxc6 bxc6 12. Bxc6 Bh3 13. Bxa8 $16 Qxa8 {[%emt 0:00:03][%cal Ra8h1] [#]} 14. f3 Re8 (14... a5 $16 {was necessary.}) 15. Kf2 $18 Qc6 16. Qa4 (16. Rxa7 $2 Bc5+ 17. e3 Bxa7 $19) 16... Qb6+ (16... Qd6 $16 {was called for.} 17. Rd1 (17. Qxa7 $2 {perishes.} Bc5+ $19) 17... a5) 17. e3 Bxc3 18. dxc3 Rxe3 $2 (18... Be6 19. Qb4 (19. Qxa7 Qc6 $18) 19... Nd5 20. Qxb6 axb6) 19. Bxe3 {[%emt 0:07:54] White is clearly winning.} Qb2+ 20. Ke1 Qxc3+ 21. Ke2 {[%emt 0:01:49][%cal Oe3d4] aiming for Bd4!} Qb2+ 22. Bd2 Nb5 23. Qb4 Nd4+ 24. Kf2 {[%emt 0:02:07] Black did not feel at home in the position after the opening.   Weighted Error Value: White=0.12 (very precise) /Black=0.50.  Mistake:       	---       	Black=4      OK:         	White=3     	Black=1      Best:        	White=3     	Black=1} 1-0

[Event "Icelandic Championship 2024"]
[Site "Mosfellsbaer"]
[Date "2024.04.17"]
[Round "2.2"]
[White "Heimisson, Hilmir Freyr"]
[Black "Gretarsson, Hjorvar Steinn"]
[Result "1-0"]
[ECO "B90"]
[WhiteElo "2361"]
[BlackElo "2518"]
[Annotator "TA"]
[PlyCount "123"]
[EventDate "2024.04.16"]
[EventType "tourn"]
[EventCountry "ISL"]
[SourceTitle "playchess.com"]
[Source "ChessBase"]
[SourceQuality "1"]
[TimeControl "40/5400+30:1800+30"]

1. e4 c5 2. Nf3 d6 3. d4 cxd4 4. Nxd4 Nf6 5. Nc3 a6 6. Rg1 e5 7. Nb3 h5 8. Be3 Be6 9. h3 h4 10. Qd2 Nbd7 11. O-O-O Be7 12. f4 exf4 13. Bxf4 Nh5 14. Be3 Ng3 15. Nd4 Ne5 16. Nxe6 fxe6 17. Kb1 O-O 18. Bd3 Rc8 19. Ne2 Bf6 20. Nxg3 hxg3 21. Qb4 b5 22. Be2 Nc4 23. Bc1 Be5 24. Bg4 Qf6 (24... Qe8 $17 25. Rge1 a5 (25... Rf2 26. Re2 $17)) 25. Rd3 $11 a5 26. Qb3 $2 (26. Qxb5 $2 Qf2 27. a4 (27. Bxe6+ $2 Kh7 $19) 27... Qxg1 $19) (26. Qe1 $1 $15) 26... a4 $1 $19 27. Qb4 (27. Qxb5 Qf2 28. Qxa4 (28. Bxe6+ $2 Kh7 $19) 28... Qxg1 $19) 27... Qf2 $1 28. Bxe6+ Kh8 29. Rdd1 a3 30. Bxc4 (30. Bxc8 axb2 $19) 30... bxc4 31. Qxa3 Rb8 32. c3 (32. Rde1 {keeps fighting.}) 32... Ra8 (32... Rf7 $142 {aiming for ...Ra7.} 33. Rdf1 Qxf1 34. Rxf1 Rxf1) 33. Qb4 $19 Rfc8 $1 34. Rgf1 (34. a4 $17) 34... Qa7 ({Black should play} 34... Qxg2 $19 35. Qb7 Rab8 (35... Qxh3 $2 36. Rh1 $18)) 35. a4 $2 (35. Rd5 $1 $15) 35... Rab8 $1 $19 36. Qa3 Rb3 37. Qa2 Rcb8 $2 (37... Bxc3 $19 38. a5 Be5 (38... Bxa5 39. Rf5 $11)) 38. Kc2 $1 $15 {[%emt 0:00:47] [#]} Qe7 (38... Qa8 $1 $17 39. Rde1 (39. Rd5 Rf8 $17) 39... R8b5) 39. Rde1 $1 $11 Rf8 40. Rxf8+ Qxf8 41. Be3 Qf6 (41... d5 $1 $11 42. Qa1 (42. exd5 $2 {perishes.} Qf5+ 43. Kd1 Qd3+ 44. Bd2 Bxc3 $19) 42... d4 43. Bxd4 (43. cxd4 Rxe3 44. Rxe3 Qf2+ 45. Kb1 Bxd4 $19) 43... Bxd4) 42. Qa1 $1 $14 Qe6 $2 {[%emt 0:11:56][%mdl 8192] [#]} ({Black should try} 42... d5 $1 $14) 43. Bg1 $2 (43. a5 $1 $18) 43... Qc8 (43... d5 $1 $14) 44. a5 $16 Qa6 45. Rd1 $2 (45. Qa4 $18) 45... Rb8 $2 (45... Qa8 $11 {and Black is okay.} 46. Re1 Qa6) 46. Rd5 $18 Ra8 47. Qa4 Rf8 48. Rd1 Kh7 (48... Qa8 {might work better.} 49. Rd5 (49. Qxc4 Qxa5 50. Rd5 Qa1 $16) 49... Qa6) 49. Bb6 $18 Rf4 50. Re1 Qc8 51. a6 Rf8 52. Bg1 Rf2+ 53. Bxf2 gxf2 54. Rf1 Qc5 55. Kb1 Qe3 56. Qc2 Bg3 57. e5+ g6 58. exd6 Qe1+ 59. Qd1 Qe4+ 60. Ka2 Qxg2 61. d7 Bh4 62. Qg4 1-0

[Event "Icelandic Championship 2024"]
[Site "Mosfellsbaer"]
[Date "2024.04.17"]
[Round "2.3"]
[White "Stefansson, Hannes"]
[Black "Ragnarsson, Dagur"]
[Result "1-0"]
[ECO "D58"]
[WhiteElo "2493"]
[BlackElo "2333"]
[Annotator "TA"]
[PlyCount "63"]
[EventDate "2024.04.16"]
[EventType "tourn"]
[EventCountry "ISL"]
[SourceTitle "playchess.com"]
[Source "ChessBase"]
[SourceQuality "1"]
[TimeControl "40/5400+30:1800+30"]

1. Nf3 d5 2. d4 Nf6 3. c4 e6 4. Bg5 Be7 5. Nc3 h6 6. Bh4 O-O 7. e3 b6 8. Rc1 Bb7 9. Bxf6 Bxf6 10. cxd5 exd5 11. b4 c6 12. Bd3 Re8 13. O-O Nd7 14. Qb3 Nf8 15. Rfd1 Ne6 16. Bb1 {[%emt 0:03:36] The position is equal.} Qd6 17. a4 a5 (17... Rac8 $11 {keeps the balance.}) 18. bxa5 $16 bxa5 {[%emt 0:00:31] [#]} 19. Nxd5 $1 $18 ({Weaker is} 19. Qxb7 Reb8 20. Nb5 (20. Bh7+ Kf8 $11) 20... cxb5 $11) 19... cxd5 20. Qxb7 Reb8 21. Qc6 {[%emt 0:00:17] White has more active pieces.} Ra6 22. Qxd6 Rxd6 23. Bd3 Kf8 24. Bb5 Ke7 25. Rc2 Rdd8 26. Rdc1 Rb6 27. Nd2 Ra8 28. Nb3 Kd8 (28... Kd6 $142 29. Rc6+ Rxc6 30. Rxc6+ Ke7) 29. Rc6 Rab8 30. Nxa5 Rxb5 (30... Ke7 $142 31. Rxb6 Rxb6 32. Nc6+ Kf8) 31. axb5 Rxb5 32. Ra6 {[%emt 0:01:31] White took control after the opening.   Weighted Error Value: White=0.03 (flawless) /Black=0.42.  Mistake:       	---       	Black=4      Inaccurate:     	White=1     	---        OK:         	White=11    	Black=1      Strong:       	White=1     	---} 1-0

[Event "Icelandic Championship 2024"]
[Site "Mosfellsbaer"]
[Date "2024.04.17"]
[Round "2.4"]
[White "Gretarsson, Helgi Ass"]
[Black "Ptacnikova, Lenka"]
[Result "1-0"]
[ECO "A34"]
[WhiteElo "2468"]
[BlackElo "2127"]
[Annotator "TA"]
[PlyCount "95"]
[EventDate "2024.04.16"]
[EventType "tourn"]
[EventCountry "ISL"]
[SourceTitle "playchess.com"]
[Source "ChessBase"]
[SourceQuality "1"]
[TimeControl "40/5400+30:1800+30"]

1. Nf3 c5 2. c4 Nf6 3. g3 g6 4. Bg2 Bg7 5. Nc3 d5 6. cxd5 Nxd5 7. Qb3 Nb4 8. a3 Be6 9. Qa4+ {[%emt 0:02:49] White has an edge.} Bd7 10. Qd1 N4c6 11. d3 Na6 12. Be3 Nd4 13. Nd2 Rb8 14. Nde4 Bc6 15. O-O O-O 16. Rb1 Rc8 17. b4 cxb4 18. axb4 Nc7 19. Bxd4 Qxd4 20. b5 {[%emt 0:00:53] Hoping for e3.} Bxe4 21. Nxe4 Nd5 22. Qb3 {[%emt 0:05:27] Black must now prevent e3.} Nc3 23. Nxc3 Rxc3 24. Qb4 Qxb4 25. Rxb4 b6 26. Ra4 Rc7 27. d4 Rd8 28. e3 e5 29. d5 f5 30. e4 fxe4 31. Bxe4 Bf8 32. Kg2 Rdd7 33. h4 Bd6 {[%emt 0:01:08] [#]} 34. h5 $1 Kg7 35. Bb1 Rc5 (35... gxh5 $6 36. Rh1 $16) (35... Kf6 $11 {keeps the balance.}) 36. hxg6 $1 $16 h6 (36... Rxb5 $2 37. Bf5 (37. gxh7 Kh8 $18) 37... Re7 38. gxh7 $18) 37. Bf5 (37. Rh1 $18 {And now Rah4 would win.} Rdc7 38. Rah4 Rxb5 39. Bf5 (39. Rxh6 Rxb1 40. Rh7+ Kxg6 $11)) 37... Rdc7 38. Rh1 {[%emt 0:00:58] White is more active.} ({Better is} 38. Rfa1 Rxb5 39. Rxa7 Rxd5 40. Kh3) 38... Rxb5 $2 (38... e4 $16) 39. Rah4 $18 Kf6 {[%emt 0:00:16] [#]} 40. Be4 ({White should play} 40. g4 $1 $18 Rxd5 41. Rxh6) 40... Bf8 {[%emt 0:00:42] [#]} (40... Rb4 $16 41. f3 Kg7 (41... Rb2+ $2 42. Kh3 $18)) 41. g7 Bxg7 $16 42. Rxh6+ (42. d6 $16 Rc8 43. Rg4) 42... Kf7 $2 (42... Bxh6 $14 43. Rxh6+ Kg5 44. Rg6+ Kh5) 43. d6 $18 Rc8 44. Rg6 {[%emt 0:00:06] Intending Rh7 and mate.} Rb4 45. Rh7 Rxe4 46. Rhxg7+ {[%emt 0:00:08] White mates.} Kf8 47. Rg8+ ({Less strong is} 47. Rxa7 Rd8 48. Rf6+ Kg8 $18) 47... Kf7 48. Rxc8 {[%emt 0:00:06] Weighted Error Value: White=0.18 (very precise) /Black=0.50.  Loses game:     	---       	Black=2      Mistake:       	White=5     	Black=2      Inaccurate:     	White=1     	Black=2      OK:         	White=14    	Black=18     Best:        	White=1     	Black=3      Strong:       	White=1     	---} 1-0

[Event "Icelandic Championship 2024"]
[Site "Mosfellsbaer"]
[Date "2024.04.17"]
[Round "2.5"]
[White "Domalchuk-Jonasson, Aleksandr"]
[Black "Birkisson, Bardur Orn"]
[Result "1-0"]
[ECO "D11"]
[WhiteElo "2368"]
[BlackElo "2169"]
[Annotator "TA"]
[PlyCount "113"]
[EventDate "2024.04.16"]
[EventType "tourn"]
[EventCountry "ISL"]
[SourceTitle "playchess.com"]
[Source "ChessBase"]
[SourceQuality "1"]
[TimeControl "40/5400+30:1800+30"]

1. d4 d5 2. c4 c6 3. Nf3 Nf6 4. g3 Bf5 5. Nc3 e6 6. Qb3 {[%emt 0:00:14] D11: Slav Defence: 3 Nf3 sidelines and 3...Nf6 4 e3 Bg4.} Qb6 7. c5 Qxb3 8. axb3 Be7 9. Bg2 h6 10. b4 O-O 11. h3 Nbd7 12. g4 Bh7 13. Bf4 a6 14. O-O Ne4 15. e3 Bf6 16. h4 $146 ({Predecessor:} 16. Nxe4 Bxe4 17. Bd6 Bxf3 18. Bxf3 Rfe8 19. Rad1 e5 20. dxe5 Bxe5 21. Bxe5 Nxe5 22. Be2 {0-1 Ligotti,J (1864)-Jiang,A (2213) Charlotte op 2024 (6)}) 16... Rfe8 17. g5 hxg5 18. hxg5 Be7 19. Bh3 Nf8 20. Na4 (20. Kg2 $11) 20... Ng6 (20... Bd8 $1 $15) 21. Nb6 $11 Nxf4 22. exf4 Rad8 {[%emt 0:06:42] [#]} (22... Ra7 $11) 23. Ne5 (23. Kg2 $1 $16) 23... Bf8 24. Kg2 Nd2 $1 ({Much worse is} 24... f6 $6 25. g6 fxe5 26. gxh7+ Kxh7 27. dxe5 $16 (27. fxe5 g6 $16)) 25. Rfd1 Nc4 (25... Nb3 $11 26. g6 Bxg6 27. Nxg6 Nxa1 (27... fxg6 $2 {is the wrong capture.} 28. Ra3 $18) 28. Nxf8 Kxf8 29. Rxa1 Ke7) 26. Nbxc4 $16 dxc4 27. Nxc4 Bc2 28. Rd2 Bb3 29. Ne5 g6 30. Ng4 Bg7 31. Nf6+ Bxf6 32. gxf6 Rd7 (32... e5 $1 $11 33. fxe5 Rxe5) 33. Kf3 Red8 34. Ke3 Rd5 35. Bg4 (35. b5 $16 {Strongly threatening bxc6.} Rh5 36. Bg4) 35... Kf8 $2 (35... g5 $1 $11) 36. Rh1 $18 Ke8 37. Bf3 $2 (37. Rd3 $18 Bc4 38. Rc3) 37... Rf5 $14 38. Rh8+ Kd7 39. Rh7 Rxf6 40. Bg4 Rg8 41. f3 g5 42. fxg5 Rxg5 43. Rdh2 Rg8 44. Rh8 Rfg6 45. R2h7 (45. Rxg8 $11 Rxg8 46. Rh7) 45... R6g7 ({Better is} 45... Rxh8 $1 $15 46. Rxh8 f5) 46. Rxg7 $11 Rxg7 47. Kf4 Kc7 48. Bh5 f6 49. Rf8 f5 50. Ke5 ({White should play} 50. Rf7+ $11 Rxf7 51. Bxf7) 50... Rd7 (50... Rg2 $15) 51. Bf7 Rd5+ 52. Kxe6 Rxd4+ 53. Kxf5 Rxb4 54. f4 Bc2+ 55. Kg5 Rxb2 56. Be6 Rb5 $2 (56... b6 $14) 57. Rc8# 1-0

[Event "Icelandic Championship 2024"]
[Site "Mosfellsbaer"]
[Date "2024.04.17"]
[Round "2.6"]
[White "Kjartansson, Gudmundur"]
[Black "Stefansson, Vignir Vatnar"]
[Result "1/2-1/2"]
[ECO "C65"]
[WhiteElo "2480"]
[BlackElo "2459"]
[Annotator "TA"]
[PlyCount "76"]
[EventDate "2024.04.16"]
[EventType "tourn"]
[EventCountry "ISL"]
[SourceTitle "playchess.com"]
[Source "ChessBase"]
[SourceQuality "1"]
[TimeControl "40/5400+30:1800+30"]

1. e4 e5 2. Nf3 Nc6 3. Bb5 Nf6 4. d3 Bc5 5. c3 d5 6. exd5 Qxd5 {[%emt 0:00:05][%cal Oc5f2] ...Bxf2+! would now be deadly.} 7. Bc4 Qd6 8. b4 Bb6 9. Nbd2 Bf5 10. Ng5 O-O ({Of course not} 10... Bxd3 $6 11. Bxf7+ Ke7 12. Nc4 Bxc4 13. Bxc4 $16) 11. Nde4 $36 {[%emt 0:00:08][%mdl 2048] Black is under pressure.} Nxe4 12. dxe4 Qxd1+ 13. Kxd1 Bg4+ 14. f3 Bd7 15. a4 a5 (15... a6 $11) 16. b5 $16 Nd8 17. Ba3 Re8 18. Kc2 Ne6 (18... Be6 $142 19. Nxe6 Nxe6) 19. Rhd1 (19. Rad1 $142 {Strongly threatening Nxf7.} Rad8 20. Rd5 Nxg5 21. Rhd1) 19... Rad8 {[%emt 0:01:40] [#]} 20. Rd5 $1 {[%emt 0:19:28] White has more active pieces.} Bc8 (20... Nxg5 $2 {loses.} 21. Rad1 $18) 21. Rxe5 Be3 {[%emt 0:00:31] White must now prevent ...Rd2+.} 22. Nxe6 Bxe6 23. Bxe6 Rd2+ 24. Kb3 fxe6 25. Bc1 Rd1 {[%emt 0:00:09] [#]} 26. Kb2 Bxc1+ 27. Rxc1 {[%emt 0:00:35][%mdl 4096] Endgame. KRR-KRR} Rd2+ 28. Rc2 Rd1 29. Rc5 Re7 30. Rc4 Red7 {[%emt 0:03:10] Against Rd4} 31. Rd4 Kf7 32. Rxd7+ Rxd7 $14 {[%emt 0:00:23] KR-KR} 33. c4 Rd3 34. c5 c6 35. Rc3 Rd2+ 36. Rc2 Rd3 37. Rc3 (37. Rc4 $14) 37... Rd2+ $11 38. Rc2 Rd3 {[%emt 0:01:13] Weighted Error Value: White=0.08 (flawless) /Black=0.08 (flawless) .  Mistake:       	White=2     	Black=2      Inaccurate:     	White=2     	Black=1      OK:         	White=13    	Black=16     Best:        	White=3     	Black=6} 1/2-1/2

[Event "Icelandic Championship 2024"]
[Site "Mosfellsbaer"]
[Date "2024.04.18"]
[Round "3.1"]
[White "Stefansson, Vignir Vatnar"]
[Black "Steingrimsson, Hedinn"]
[Result "1-0"]
[ECO "E11"]
[WhiteElo "2459"]
[BlackElo "2502"]
[Annotator "TA"]
[PlyCount "49"]
[EventDate "2024.04.16"]
[EventType "tourn"]
[EventCountry "ISL"]
[SourceTitle "playchess.com"]
[Source "ChessBase"]
[SourceQuality "1"]
[TimeControl "40/5400+30:1800+30"]

1. d4 d5 2. c4 e6 3. Nf3 Nf6 4. g3 Bb4+ 5. Bd2 Be7 6. Bg2 c6 7. Na3 Ne4 8. Be3 Nd7 9. O-O {[%emt 0:07:06] The position is equal.} O-O 10. Rc1 Qa5 11. Qb3 Bxa3 12. bxa3 Nb6 13. Ne5 Qa6 14. c5 {[%emt 0:01:54] Threatens to win with f3.} Nd7 15. Nd3 {[%emt 0:00:44] White is more active.} b6 16. Nb4 $36 {[%emt 0:08:09][%csl LRa6,LRc6][%mdl 2048] White is really pushing.} Qxe2 (16... Qb7 $16) 17. Nxc6 {[%emt 0:07:24] Ne7+ is the strong threat.} Kh8 18. Ne7 (18. Rfe1 $18 Qh5 19. f3) 18... bxc5 $16 19. dxc5 Rb8 $2 (19... Ba6 $16) 20. Qa4 Qa6 {[%emt 0:00:22] [#]} 21. Qd4 (21. Qxa6 $1 $18 Bxa6 22. c6 (22. Rfd1 Nef6 $18)) 21... Nef6 $2 (21... Nexc5 $16 22. Rxc5 Nxc5 23. Qxc5 Bd7) 22. c6 $18 Nb6 23. Qf4 {[%emt 0:00:37] Black is weak on the dark squares} Ra8 24. Bd4 {[%emt 0:00:05] A strong pair of Bishops.} Qa4 {[%emt 0:00:54] [#]} (24... Ne8 $142 25. Rfe1 f6) 25. Qxf6 $3 {[%emt 0:00:25][%mdl 512] Weighted Error Value: White=0.20 (precise) /Black=0.53.  Loses game:     	---       	Black=2      Mistake:       	White=2     	Black=2      Inaccurate:     	---       	Black=3      OK:         	White=6     	Black=4      Best:        	White=2     	Black=1      Brilliant:      	White=1     	---} 1-0